 Dungeon Crawl Stone Soup version 0.26-a0-113-gd8a95b691d (webtiles) character file.

Game seed: 18223608699534896095

3595 Gargoyl the Chopper (level 9, 0/75 HPs)
             Began as a Centaur Abyssal Knight on June 26, 2020.
             Was an Elder of Lugonu.
             Succumbed to a killer bee's poison
             ... on level 7 of the Dungeon.
             The game lasted 00:11:55 (9910 turns).

Gargoyl the Chopper (Centaur Abyssal Knight)        Turns: 9910, Time: 00:11:55

Health: 0/75       AC: 13    Str: 17    XL:     9   Next: 85%
Magic:  13/13      EV: 25    Int: 11    God:    Lugonu [****..]
Gold:   386        SH:  3    Dex: 10    Spells: 8/8 levels left

rFire    + . .     SeeInvis .   b - +3 hand axe
rCold    . . .     Faith    .   q - +0 buckler
rNeg     . . .     Spirit   .   t - +1 chain mail {MR+}
rPois    .         Reflect  .   y - +0 helmet
rElec    .         Harm     .   j - +1 cloak
rCorr    .                      (no gloves)
MR       +....                  (no barding)
Stlth    ..........             s - amulet of the acrobat
HPRegen  0.22/turn              f - ring of protection from fire
MPRegen  0.13/turn              n - +4 ring of evasion

@: lethally poisoned (0 -> -10), acrobat, very quick
A: large, hooves 3, deformed body, speed 2, tough skin 3
a: Depart the Abyss, Bend Space, Banish, Corrupt, Renounce Religion


You were on level 7 of the Dungeon.
You worshipped Lugonu.
Lugonu was greatly pleased with you.
You were not hungry.

You visited 1 branch of the dungeon, and saw 8 of its levels.
You visited the Abyss 1 time.
You also visited: Sewer.

You collected 386 gold pieces.

Inventory:

Hand Weapons
 a - a +1 hand axe
 b - a +3 hand axe (weapon)
Armour
 j - a +1 cloak (worn)
 q - a +0 buckler (worn)
 t - a +1 chain mail of magic resistance (worn)
 y - a +0 helmet (worn)
Jewellery
 f - a ring of protection from fire (left hand)
 n - a +4 ring of evasion (right hand)
 s - an amulet of the acrobat (around neck)
Wands
 m - a wand of digging (1)
 p - a wand of disintegration (5)
Scrolls
 e - 7 scrolls of remove curse
 g - a scroll of blinking
 h - 3 scrolls of teleportation
 l - 4 scrolls of identify
Potions
 i - 3 potions of brilliance {unknown}
 k - a potion of magic {unknown}
 o - 7 potions of might {unknown}
 r - 6 potions of curing
 u - 5 potions of heal wounds {unknown}
 v - a potion of lignification {unknown}
 w - a potion of stabbing {unknown}
 z - a potion of ambrosia
Comestibles
 c - 9 rations
 d - a chunk of flesh


   Skills:
 + Level 5.7 Fighting
 + Level 6.9 Axes
 * Level 6.1 Armour
 * Level 4.0 Dodging
 + Level 1.7 Shields
 * Level 5.9 Invocations
 + Level 0.1 Evocations


You had 8 spell levels left.
You didn't know any spells.
Your spell library contained the following spells:

 Spells                   Type           Power        Failure   Level  Hunger
 Corona                   Hex            #......      99%         1    ##.....
 Foxfire                  Conj/Fire      #...         99%         1    ##.....
 Magic Dart               Conj           #...         99%         1    ##.....
 Blink                    Tloc           N/A          100%        2    ###....
 Call Imp                 Summ           #.......     100%        2    ###....
 Ensorcelled Hibernation  Hex/Ice        #.....       100%        2    ###....
 Slow                     Hex            #.......     100%        2    ###....
 Confusing Touch          Hex            #.......     100%        3    ####...
 Conjure Flame            Conj/Fire      #.......     100%        3    ####...
 Dazzling Flash           Conj/Hex       #.....       100%        3    ####...
 Inner Flame              Hex/Fire       #.......     100%        3    ####...
 Mephitic Cloud           Conj/Pois/Air  #.......     100%        3    ####...
 Tukima's Dance           Hex            #.......     100%        3    ####...
 Sticky Flame             Conj/Fire      #.......     100%        4    #####..
 Fireball                 Conj/Fire      #.........   100%        5    ######.


Dungeon Overview and Level Annotations

Branches:
Dungeon (8/15)             Temple (0/1) D:5           Sewer (visited)
   Lair: D:8-11

Altars:
Makhleb
Nemelex Xobeh
Okawaru
Qazlal
Wu Jian
Xom
Zin
The Shining One


Innate Abilities, Weirdness & Mutations

You have hooves in place of feet.
Armour fits poorly on your strangely shaped body.
You cover ground very quickly.
You have extremely tough skin. (AC +3)


Message History

The killer bee is almost dead.
* * * LOW HITPOINT WARNING * * *
You feel sick. The killer bee closely misses you.
The killer bee stings you but does no damage.
You hit the killer bee.
You kill the killer bee!
Lugonu accepts your kill.
* * * LOW HITPOINT WARNING * * *
You feel sick.
* * * LOW HITPOINT WARNING * * *
You feel sick.
You see here a killer bee corpse.
* * * LOW HITPOINT WARNING * * *
You feel sick.
* * * LOW HITPOINT WARNING * * *
You feel sick.
There is a stone staircase leading down here.
* * * LOW HITPOINT WARNING * * *
You feel sick.
You die...

##########################
###.....................[...
##
#.'....†.>.@...?...)).......
.#
#.#.......##################
.# #.#.......# ####### .#
#.######### #...... .#####.#
#...... ....(..# ### #......
..###### ##_## #######
#.###### #...#
#.#....#####'####


There were no monsters in sight!

Vanquished Creatures
  The ghost of Ravlon the Digger, a novice GrEE (D:5)
  Prince Ribbit (D:7)
  Grinder (D:6)
  Duvessa (D:5)
  An orc warrior (D:7)
  A sky beast (D:5)
  A necrophage (D:7)
  An ogre (D:7)
  3 phantoms
  3 centaurs
  A crocodile (D:7)
  2 big kobolds
  Blork the orc (D:4)
  5 bullfrogs
  Dowan (D:5)
  7 killer bees
  A howler monkey (D:6)
  A bullfrog zombie (D:5)
  2 crimson imps (D:6)
  2 orc priests (D:6)
  6 orc wizards
  A centaur skeleton (D:5)
  2 hounds
  3 bullfrog skeletons
  An iguana (D:5)
  2 worker ants
  Natasha (twice) (D:3)
  A hound zombie (D:7)
  3 hound skeletons
  2 worker ant zombies
  12 adders
  A river rat (D:5)
  An ooze (Sewer)
  3 adder zombies (D:5)
  4 worms
  3 dart slugs
  4 leopard geckos
  16 orcs
  10 bats
  7 giant cockroaches
  9 hobgoblins
  18 jackals
  4 quokkas
  3 ball pythons
  8 frilled lizards
  5 goblins
  A jackal skeleton (D:5)
  32 kobolds
  13 rats
214 creatures vanquished.

Vanquished Creatures (others)
  An ogre (D:4)
  A scorpion (D:4)
2 creatures vanquished.

Grand Total: 216 creatures vanquished

Notes
Turn   | Place    | Note
-------+----------+-------------------------------------------
     0 | Abyss:1  | Gargoyl the Centaur Abyssal Knight began the quest for the
                  | Orb.
     0 | Abyss:1  | Reached XP level 1. HP: 19/19 MP: 2/2
    12 | Abyss:2  | Found a corrupted altar of Lugonu.
    41 | Abyss:2  | Noticed a small abomination
    57 | Abyss:2  | Noticed a flying skull
    58 | Abyss:2  | Noticed a flying skull
    58 | Abyss:2  | Noticed a flying skull
    61 | Abyss:2  | Noticed a vampire
    65 | D:1      | Escaped the Abyss
   155 | D:1      | Reached * piety under Lugonu
   319 | D:1      | Reached XP level 2. HP: 23/26 MP: 3/3
  1430 | D:1      | Reached XP level 3. HP: 30/31 MP: 4/4
  1610 | D:2      | Reached skill level 1 in Dodging
  1798 | D:2      | Found a shimmering altar of Xom.
  1798 | D:2      | Found a shimmering altar of Xom.
  1798 | D:2      | Found a shimmering altar of Xom.
  1798 | D:2      | Found a shimmering altar of Xom.
  1807 | D:2      | Found a glowing golden altar of the Shining One.
  1874 | D:2      | Reached XP level 4. HP: 26/39 MP: 5/5
  2175 | D:2      | Found an ornate altar of the Wu Jian Council.
  2318 | D:3      | Reached ** piety under Lugonu
  2782 | D:3      | Noticed Natasha
  2790 | D:3      | Killed Natasha
  2855 | D:3      | Reached XP level 5. HP: 41/46 MP: 7/7
  3171 | D:3      | Noticed Natasha
  3179 | D:3      | Killed Natasha
  3711 | D:3      | Found a glowing silver altar of Zin.
  3827 | D:3      | Reached XP level 6. HP: 36/52 MP: 8/8
  4044 | D:4      | Noticed Blork the orc
  4062 | D:4      | Killed Blork the orc
  4071 | D:4      | Reached *** piety under Lugonu
  4428 | D:5      | Entered Level 5 of the Dungeon
  4734 | D:5      | Noticed Dowan
  4736 | D:5      | Noticed Duvessa
  4759 | D:5      | Killed Duvessa
  4759 | D:5      | Reached XP level 7. HP: 31/59 MP: 9/9
  4760 | D:5      | Killed Dowan
  4790 | D:5      | Found a staircase to the Ecumenical Temple.
  5009 | D:5      | Found a glowing drain.
  5017 | Sewer    | Entered a sewer
  5304 | Sewer    | Reached **** piety under Lugonu
  6203 | D:5      | Reached skill level 5 in Axes
  6203 | D:5      | Reached XP level 8. HP: 51/67 MP: 11/11
  6685 | D:5      | Reached skill level 1 in Shields
  6772 | D:5      | Found a runed translucent gate.
  6773 | D:5      | Found a runed translucent gate.
  6773 | D:5      | Found a runed translucent gate.
  6775 | D:5      | Noticed Ravlon's ghost (novice GrEE)
  7241 | D:5      | Killed Ravlon's ghost
  7514 | D:6      | Reached skill level 5 in Invocations
  7519 | D:6      | Noticed Grinder
  7542 | D:6      | Paralysed by Grinder for 2 turns
  7548 | D:6      | Killed Grinder
  7548 | D:6      | Reached skill level 5 in Fighting
  7768 | D:6      | Reached XP level 9. HP: 71/74 MP: 12/12
  7884 | D:6      | Reached skill level 5 in Armour
  8869 | D:7      | Found a sparkling altar of Nemelex Xobeh.
  8936 | D:7      | Noticed Prince Ribbit
  8950 | D:7      | Killed Prince Ribbit
  9596 | D:7      | Found a burning altar of Makhleb.
  9599 | D:7      | Found an iron altar of Okawaru.
  9602 | D:7      | Found a stormy altar of Qazlal.
  9906 | D:7      | HP: 3/75 [poisoned by a killer bee]
  9909 | D:7      | HP: 1/75 [poisoned by a killer bee]
  9910 | D:7      | Succumbed to a killer bee's poison

Illustrated notes

Levels and vault maps discovered:
D:1:      dpeg_arrival_refuge, layout_basic
D:2:      layout_rooms, lemuel_round_altar, xom_redecorated, tso_oasis_becter,
          first_ration, glass_columns_b
D:3:      layout_basic, marbit_many_paths, uniq_natasha
D:4:      layout_loops_ring, elyvilon_altar_5, minmay_misc_feat_square,
          lemuel_old_faithful, uniq_blork_the_orc
D:5:      cheibrodos_thug_alley, layout_basic,
          minmay_temple_entry_gardened_gates, gup_sewer_entry_spiral,
          gammafunk_ghost_necromancy, minmay_fractal_squares_diagonal_5,
          uniq_duvessa
D:6:      layout_loops_ring, uniq_grinder
D:7:      layout_basic, nemelex_altar_shiori, grunt_temple_overflow_diamond,
          uniq_prince_ribbit1
D:8:      wad_woods_minihive, layout_basic, gammafunk_ghost_icy

Skill      XL: |  1  2  3  4  5  6  7  8  9 |
---------------+----------------------------+-----
Axes           | 2 3 5 6 |  6.9
Dodging        | 1 2 3 4 |  4.0
Armour         | 2 3 4 6 |  6.1
Invocations    | 3 4 5 |  5.9
Fighting       | 4 5 |  5.7
Shields        | 1 |  1.7
Evocations     | |  0.1

Action                   |  1- 3 |  4- 6 |  7- 9 || total
-------------------------+-------+-------+-------++-------
Melee: Hand axe          |   110 |   211 |   483 ||   804
       Kick              |    13 |    36 |   102 ||   151
Invok: Depart the Abyss  |     1 |       |       ||     1
       Banish            |       |       |     1 ||     1
Evoke: Wand              |       |       |     3 ||     3
  Use: Scroll            |     7 |     4 |     5 ||    16
       Potion            |     2 |     3 |       ||     5
  Eat: Chunk             |     2 |     7 |    13 ||    22
       Ration            |       |       |     1 ||     1
Armor: Leather armour    |     9 |       |       ||     9
       Chain mail        |   109 |   163 |   264 ||   536
Dodge: Dodged            |    47 |    46 |   200 ||   293
Block: Buckler           |     7 |    29 |    77 ||   113

Table legend:
 A = Non-vault XP
 B = Vault XP
 C = Vault XP percentage of total XP
 D = Non-vault monster count
 E = Vault monster count
 F = Vault count percentage of total count
                 A         B        C        D         E       F
            +---------+---------+-------+---------+---------+-------
      Total |    3020 |    2116 |  41.2 |     152 |      63 |  29.3
            +---------+---------+-------+---------+---------+-------
        D:1 |      41 |       0 |   0.0 |      24 |       0 |   0.0
        D:2 |      78 |       0 |   0.0 |      26 |       0 |   0.0
        D:3 |     229 |      38 |  14.2 |      33 |       2 |   5.7
        D:4 |     127 |      94 |  42.5 |       9 |       1 |  10.0
        D:5 |     587 |     890 |  60.3 |      15 |      27 |  64.3
        D:6 |     769 |     249 |  24.5 |      20 |       1 |   4.8
        D:7 |    1032 |     403 |  28.1 |      22 |       3 |  12.0
        D:8 |     157 |     306 |  66.1 |       3 |       5 |  62.5
      Sewer |       0 |     136 | 100.0 |       0 |      24 | 100.0
            +---------+---------+-------+---------+---------+-------
